 Dungeon Crawl Stone Soup version 0.31-a0-818-ge7c7cf74f0 (webtiles) character file.

Game seed: 12083493962019973440

2551 Kurtz the Cleaver (level 9, -3/85 HPs)
             Began as an Octopode Fighter on Sept 23, 2023.
             Was a Believer of Okawaru.
             Slain by an orc warlord
             ... wielding a +3 battleaxe
              (10 damage)
             ... in a bailey.
             The game lasted 00:12:22 (6505 turns).

Kurtz the Cleaver (Octopode Fighter)                Turns: 6505, Time: 00:12:23

Health: -3/85      AC: 31    Str: 15    XL:     9   Next: 56%
Magic:  0/11       EV:  2    Int: 11    God:    Okawaru [**....]
Gold:   441        SH: 10    Dex: 15    Spells: 7/11 levels left

rFire   + . .        x - +4 flail (protect)
rCold   + . .        u - +0 kite shield
rNeg    . . .        (helmet currently unavailable)
rPois   +            f - amulet of guardian spirit
rElec   +            h - ring of flight
rCorr   +            j - ring of willpower
SInv    +            s - ring of see invisible
Will    +....        (no ring)
Stlth   ++           (no ring)
HPRegen 0.34/turn    (no ring)
MPRegen 0.12/turn    (no ring)
                     (no ring)

%: guardian spirit
@: tree-form, resistant, under a protective aura, invisible
A: stationary, stasis, torment immunity, boosted hp, almost no armour,
(amphibious), 8 rings, (camouflage 1), (gelatinous body 1), (nimble swimmer 1),
(tentacles)
a: Renounce Religion, Heroism


You were in a bailey.
You worshipped Okawaru.
Okawaru was pleased with you.
You were a tree.
You visited 2 branches of the dungeon, and saw 8 of its levels.
You also visited: Bailey.

You collected 517 gold pieces.
You spent 76 gold pieces at shops.

Inventory:

Hand Weapons
 t - the +8 whip "Zadar" {heavy, Str+3}
   (You found it on level 3 of the Dungeon)

   Str+3:     It affects your strength (+3).
 v - a +0 broad axe
 x - a +4 flail of protection (weapon)
Missiles
 o - 3 javelins
 B - 4 boomerangs
Armour
 b - a +0 buckler
 u - a +0 kite shield (worn)
Jewellery
 f - an amulet of guardian spirit (around neck)
 h - a ring of flight (left branch)
 j - a ring of willpower (right branch)
 s - a ring of see invisible (on tentacle)
Wands
 A - a wand of light (4)
Scrolls
 a - 2 scrolls of silence
 c - a scroll of enchant weapon
 d - a scroll of noise {unknown}
 e - a scroll of vulnerability {unknown}
 g - 4 scrolls of teleportation {unknown}
 i - 5 scrolls of amnesia
 m - 3 scrolls of immolation
 p - 3 scrolls of fear {unknown}
 q - 3 scrolls of fog {unknown}
 y - 2 scrolls of revelation {unknown}
Potions
 k - a potion of brilliance
 l - a potion of enlightenment
 w - 2 potions of curing


   Skills:
 + Level 3.4 Fighting
 * Level 9.9 Axes
 * Level 4.3 Dodging
 - Level 2.4 Stealth
 * Level 6.0 Shields
 * Level 1.5 Spellcasting
 * Level 1.6 Translocations
 * Level 3.7 Invocations


You had 7 spell levels left.
You knew the following spells:

 Your Spells              Type           Power      Damage    Failure   Level
a - Manifold Assault      Tloc           4%         N/A       99%         4

Your spell library contained the following spells:

 Spells                   Type           Power      Damage    Failure   Level
 Apportation              Tloc           8%         N/A       38%         1
 Blink                    Tloc           8%         N/A       54%         2
 Lesser Beckoning         Tloc           8%         N/A       54%         2
 Momentum Strike          Conj/Tloc      4%         3d8       65%         2
 Jinxbite                 Hex            0%         N/A       77%         2
 Gell's Gravitas          Tloc           4%         N/A       77%         3
 Teleport Other           Tloc           4%         N/A       77%         3
 Alistair's Intoxication  Tmut/Pois      0%         N/A       100%        5
 Dispersal                Tloc           2%         N/A       100%        6


Dungeon Overview and Level Annotations

Branches:
Dungeon (7/15)             Temple (1/1) D:4          Bailey (1/1)

Altars:
Cheibriados
Dithmenos
Elyvilon
Fedhas
Gozag
Hepliaklqana
Kikubaaqudgha
Makhleb
Okawaru
Qazlal
Sif Muna
Trog
Uskayaw
Vehumet
Wu Jian
Xom
Yredelemnul
Zin

Shops:
D:4 (

Annotations:
D:4 3 runed translucent doors, SirDiesAlot's ghost, amateur OpSh


Innate Abilities, Weirdness & Mutations

You are a tree.
Your roots penetrate the ground, keeping you stationary.
You cannot be teleported.
You are immune to unholy pain and torment.
Your maximum health is greatly increased.
You cannot wear most types of armour.
((You are amphibious.))
You can wear up to eight rings at the same time.
((Your skin changes colour to match your surroundings (Stealth+).))
((Your rubbery body absorbs attacks. (AC +1, EV +1)))
((You are camouflaged when in or above water. (Stealth+)))
((You have tentacles for arms and can constrict up to eight enemies at once.))


Message History

You strike the helpless orc warlord from behind!
You thump the orc warlord!
You punch the orc warlord, but do no damage.
The orc warlord is heavily wounded.
The orc warlord is no longer blind.
The orc warlord struggles against the net.
The net rips apart, and the orc warlord comes free!
Throw: throwing net
Press: ? - help, Q - select action, (/) - cycle Shift-Dir - straight line, f/p - gnoll
Aim: a gnoll, wielding a +0 hand axe and wearing a +0 leather armour (almost dead, blind, 66% to hit)
You throw a throwing net. The throwing net hits the orc warlord.
The orc warlord is caught in the net!
The orc warlord is heavily wounded.
The orc warlord struggles against the net.
You hit the orc warlord but do no damage.
The orc warlord is heavily wounded.
The orc warlord struggles against the net.
You hit the orc warlord. Your punch misses the orc warlord.
The orc warlord is heavily wounded.
The orc warlord struggles against the net.
You hit the orc warlord but do no damage.
The orc warlord is heavily wounded.
The orc warlord struggles against the net.
It was a potion of invisibility.
You fade into invisibility!
The orc warlord struggles against the net.
The net rips apart, and the orc warlord comes free!
It was a potion of resistance.
You feel protected. You block the orc warlord's attack.
You sock the orc warlord!
The orc warlord is severely wounded.
You feel like a meek peon again.
The orc warlord hits you but does no damage.
You catch the helpless orc warlord completely off-guard!
You hit the orc warlord but do no damage.
The orc warlord is severely wounded.
An orc warrior comes into view. It is wielding a +0 war axe.
The orc warlord hits you with a +3 battleaxe!
You die...

.. ##.........##
...#...........#
...'...........#
#.....⌠.....#
#...o.......#
#...).......#
##........g### ♣♣♣
###.....#o#.### ♣♣♣.♣♣♣
###.###.♣...###♣♣♣.....♣
..
###.........##......♣♣♣
#.o
#...........#........♣
gg
#...........'........♣
..
#..)).⌠)..).'..∩.∩...♣
#..)).).....).)......♣
#.....))....#......).♣ #
###.........##......)♣♣
###
###.###.)...###♣♣.....♣♣


You could see an orc warlord (unable to see you), an orc warrior (wandering,
unable to see you) and a gnoll (blind).

Vanquished Creatures
  Pikel (D:4)
  Sigmund (D:3)
  Edmund (D:5)
  2 water moccasins (D:6)
  5 orc warriors (Bailey)
  A sky beast (D:4)
  2 lemures (D:4)
  A kobold brigand (D:7)
  A gnoll sergeant (D:5)
  2 scorpions (D:4)
  2 howler monkeys
  An orc priest (D:5)
  7 hounds
  A sleepcap (D:4)
  4 orc wizards
  13 gnolls
  9 adders
  A shadow imp (D:6)
  A white imp (D:5)
  An ufetubus (D:6)
  4 dart slugs
  30 orcs
  2 bats (D:1)
  5 endoplasms
  A giant cockroach (D:3)
  19 goblins
  15 hobgoblins
  3 quokkas
  4 ball pythons
  2 frilled lizards (D:3)
  18 kobolds
  7 rats
167 creatures vanquished.

Notes
Turn   | Place    | Note
-------+----------+-------------------------------------------
     0 | D:1      | Kurtz the Octopode Fighter began the quest for the Orb.
     0 | D:1      | Reached XP level 1. HP: 16/16 MP: 1/1
   150 | D:1      | Reached XP level 2. HP: 11/21 MP: 2/2
   430 | D:1      | Found a faded altar of an unknown god.
   587 | D:1      | Reached skill level 3 in Axes
  1166 | D:2      | Reached XP level 3. HP: 25/26 MP: 3/3
  1660 | D:3      | Found Zin's Purification Station.
  1664 | D:3      | Found a glowing silver altar of Zin.
  1716 | D:3      | Found a hazy altar of Hepliaklqana.
  1863 | D:3      | Reached XP level 4. HP: 31/31 MP: 4/4
  1868 | D:3      | Reached skill level 4 in Axes
  1964 | D:3      | Found an ornate altar of the Wu Jian Council.
  2014 | D:3      | Reached skill level 1 in Stealth
  2043 | D:3      | Noticed Sigmund
  2052 | D:3      | Killed Sigmund
  2053 | D:3      | Reached skill level 5 in Axes
  2053 | D:3      | Reached XP level 5. HP: 36/36 MP: 5/5
  2053 | D:3      | Reached XP level 6. HP: 42/42 MP: 6/6
  2143 | D:3      | Identified the +8 whip "Zadar" {heavy, Str+3}
  2492 | D:4      | Reached skill level 6 in Axes
  2524 | D:4      | Found Uwyl's Antique Weapon Shop.
  2537 | D:4      | Bought a broad axe for 76 gold pieces
  2542 | D:4      | Found a staircase to the Ecumenical Temple.
  2557 | D:4      | Reached XP level 7. HP: 34/46 MP: 7/7
  2562 | Temple   | Entered the Ecumenical Temple
  2581 | Temple   | Became a worshipper of Warmaster Okawaru
  2714 | D:4      | Noticed Pikel
  2734 | D:4      | HP: 2/46 [Pikel/+0 whip of flaming (3)]
  2742 | D:4      | Killed Pikel
  2742 | D:4      | Reached * piety under Okawaru
  2743 | D:4      | Reached skill level 8 in Axes
  2743 | D:4      | Reached skill level 1 in Invocations
  2743 | D:4      | Reached XP level 8. HP: 8/52 MP: 2/9
  2997 | D:4      | Found a runed translucent gate.
  2997 | D:4      | Found a runed translucent gate.
  2998 | D:4      | Found a runed translucent gate.
  2998 | D:4      | Noticed SirDiesAlot's ghost (amateur OpSh)
  3789 | D:5      | Entered Level 5 of the Dungeon
  4278 | D:5      | Noticed Edmund
  4288 | D:5      | Killed Edmund
  4289 | D:5      | Reached skill level 9 in Axes
  4478 | D:5      | Found a radiant altar of Vehumet.
  4491 | D:5      | Found a bloodstained altar of Trog.
  4515 | D:5      | Reached ** piety under Okawaru
  4953 | D:6      | Reached skill level 5 in Shields
  5037 | D:6      | Learned a level 4 spell: Manifold Assault
  5214 | D:6      | Reached XP level 9. HP: 54/56 MP: 11/11
  5543 | D:7      | Found a flagged portal.
  5591 | D:7      | Reached skill level 1 in Translocations
  5677 | Bailey   | Entered a bailey
  5729 | Bailey   | Reached skill level 1 in Spellcasting
  6302 | Bailey   | Noticed an orc warlord
  6492 | Bailey   | HP: 1/57 [orc warlord/+3 battleaxe (11)]
  6505 | Bailey   | Slain by an orc warlord

Illustrated notes

Levels and vault maps discovered:
D:1:      elethiomel_arrival_shortcut, layout_loops_ring,
          basic_ecumenical_altar, serial_rivers, chequers_serial_rivers_micro_c,
          chequers_serial_rivers_micro_d, chequers_serial_rivers_micro_d,
          chequers_serial_rivers_micro_d, due_unseen_surprise
D:2:      layout_rooms
D:3:      layout_basic, lemuel_tele_altar, zin_purify,
          nzn_hepliaklqana_mist_gate, serial_rivers,
          chequers_serial_rivers_marsh, chequers_serial_rivers_micro_c,
          chequers_serial_rivers_micro_b, chequers_serial_rivers_micro_c,
          st_stairs_3, uniq_sigmund
D:4:      layout_basic, minmay_temple_entry_waves,
          gammafunk_ghost_nasty_kobolds, serial_shops, shop,
          hangedman_feature_mirror, kennysheep_generic_room_9, uniq_pikel
D:5:      layout_loops_ring, mainiacjoe_overflow_catch_the_wave, uniq_edmund
D:6:      layout_gridville, st_stairs_10
D:7:      layout_layer_cave, mainiacjoe_overflow_surrounded_room,
          enter_bailey_5, corexii_corridor_pit, grunt_decor_junction
Temple:   nicolae_temple_god_jail
Bailey:   bailey_axe_minmay_hex_keep, bailey

Skill      XL: |  1  2  3  4  5  6  7  8  9 |
---------------+----------------------------+-----
Axes           | 3 5 6 8 9 |  9.9
Stealth        | 2 |  2.4
Shields        | 4 5 6 |  6.0
Invocations    | 1 3 |  3.7
Translocations | 1 |  1.6
Spellcasting   | 1 |  1.5
Dodging        | 4 |  4.3
Fighting       | |  3.4

Action                     |  1- 3 |  4- 6 |  7- 9 || total
---------------------------+-------+-------+-------++-------
  Melee: War axe           |    64 |    28 |       ||    92
         Constrict         |    16 |     7 |    65 ||    88
         Tentacles         |     3 |     8 |    49 ||    60
         Whip              |       |    11 |    61 ||    72
         Flail             |       |       |   161 ||   161
         Punch             |       |       |     3 ||     3
  Throw: Javelin           |       |       |     6 ||     6
         Boomerang         |       |       |    15 ||    15
         Throwing net      |       |       |     2 ||     2
 Invoke: Heroism           |       |       |     1 ||     1
  Evoke: Wand              |       |       |     5 ||     5
    Use: Potion            |       |     1 |     7 ||     8
         Scroll            |       |       |     6 ||     6
   Stab: Sleeping          |    11 |     4 |     7 ||    22
         Invisible         |       |       |     2 ||     2
         Held in net/web   |       |       |     1 ||     1
 Armour: Skin              |    21 |    14 |   124 ||   159
  Dodge: Dodged            |    23 |    24 |    91 ||   138
  Block: Buckler           |    10 |     3 |       ||    13
         Kite shield       |       |     3 |   119 ||   122

Table legend: (Time is in decaauts)
 A = Elapsed time spent in this place.
 B = Non-inter-level travel time spent in this place.
 C = Inter-level travel time spent in this place.
 D = Time resting spent in this place.
 E = Time spent auto-exploring this place.
 F = Levels seen in this place.
 G = Mean time per level.
                   A        B        C        D        E       F      G
               +--------+--------+--------+--------+--------+-----+--------+
         Total |   6624 |   6216 |    408 |   1050 |   3445 |   9 |  736.0 |
       Dungeon |   5733 |   5339 |    394 |    873 |   3438 |   7 |  819.0 |
        Temple |     33 |     19 |     14 |      0 |      0 |   1 |   33.0 |
        Bailey |    857 |    857 |      0 |    177 |      7 |   1 |  857.0 |
               +--------+--------+--------+--------+--------+-----+--------+

Top non-repeatable levels by time:
     D:4: 1259 daAuts
     D:1: 1150 daAuts
     D:5: 1144 daAuts
     D:3: 872 daAuts
  Bailey: 857 daAuts
     D:6: 584 daAuts
     D:2: 583 daAuts
     D:7: 138 daAuts
  Temple: 33 daAuts
